 Dungeon Crawl Stone Soup version 0.30-a0-743-gbfdf073431 (webtiles) character file.

Game seed: 12387237184545495848

88597 epen the Thrower (level 15, -21/122 HPs)
             Began as a Gnoll Wanderer on Feb 5, 2023.
             Was the Champion of Cheibriados.
             Blown up by a great orb of eyes (44 damage)
             ... with a mindburst bolt
             ... on level 15 of the Dungeon.
             The game lasted 00:51:13 (26061 turns).

epen the Thrower (Gnoll Wanderer)                  Turns: 26061, Time: 00:51:13

Health: -21/122    AC: 23    Str: 24    XL:     15   Next: 94%
Magic:  24/29      EV: 21    Int: 32    God:    Cheibriados [******]
Gold:   1365       SH: 17    Dex: 38    Spells: 35/35 levels left

rFire   + + .      SeeInvis .    w - +6 shillelagh "Devastator" {shatter}
rCold   + . .      Faith    .    T - +2 buckler {rPois}
rNeg    + . .      Spirit   .    l - +4 chain mail {rC+}
rPois   +          Reflect  +    P - +0 helmet of the Sky {rCorr}
rElec   .          Harm     .    R - +0 cloak
rCorr   +          Rampage  .    z - +2 pair of gloves
Will    +....                    y - +0 pair of boots
Stlth   ++                       c - amulet "Yrhuid" {Reflect Drain +Blink rF+ rN+ SH+5}
HPRegen 0.40/turn                t - ring "Damnable Contraption" {rPois rF+ Int+6 Dex+3 Stlth-}
MPRegen 0.21/turn                E - ring of flight

@: flying, very slow
A: fangs 1, strong nose, distributed training, claws 1, dopey 1
a: Renounce Religion, Evoke Blink, Bend Time, Temporal Distortion, Slouch, Step
From Time


You were on level 15 of the Dungeon.
You worshipped Cheibriados.
Cheibriados was exalted by your worship.
You visited 2 branches of the dungeon, and saw 20 of its levels.
You visited 1 bazaar.
You also visited: Gauntlet and Volcano.

You collected 1919 gold pieces.
You spent 554 gold pieces at shops.

Inventory:

Hand Weapons
 w - the +6 shillelagh "Devastator" (weapon) {shatter}
   (You found it on level 5 of the Dungeon)
Missiles
 o - 8 atropa-tipped darts
 H - 45 poisoned darts (quivered)
Armour
 l - a +4 chain mail of cold resistance (worn)
 y - a +0 pair of boots (worn)
 z - a +2 pair of gloves (worn)
 G - a +1 helmet of intelligence
 P - the +0 helmet of the Sky (worn) {rCorr}
   (You found it in a Gauntlet)

   rCorr:     It protects you from acid and corrosion.
 R - a +0 cloak (worn)
 T - a +2 buckler of poison resistance (worn)
Jewellery
 c - the amulet "Yrhuid" (around neck) {Reflect Drain +Blink rF+ rN+ SH+5}
   (You acquired it on level 13 of the Dungeon)

   [amulet of reflection]

   It reflects blocked missile attacks.
   rF:        It protects you from fire.
   rN:        It protects you from negative energy.
   +Blink:    It lets you blink.
   Drain:     It drains your maximum health when unequipped.
   SH:        It affects your SH (+5).
 d - an amulet of regeneration
 t - the ring "Damnable Contraption" (left hand) {rPois rF+ Int+6 Dex+3 Stlth-}
   (You found it on level 4 of the Dungeon)

   [ring of intelligence]

   Int:       It affects your intelligence (+6).
   Dex:       It affects your dexterity (+3).
   rF:        It protects you from fire.
   rPois:     It protects you from poison.
   Stlth:     It makes you less stealthy.
 D - a ring of see invisible
 E - a ring of flight (right hand)
 Y - a ring of wizardry
Wands
 f - a wand of roots (10)
 s - a wand of polymorph (16)
 F - a wand of acid (5)
 K - a wand of flame (53)
 Q - a wand of paralysis (2)
Scrolls
 e - 4 scrolls of fog
 h - a scroll of summoning
 i - 4 scrolls of immolation
 p - 3 scrolls of enchant weapon
 r - a scroll of fear
 v - a scroll of torment
 x - a scroll of blinking
 B - 5 scrolls of enchant armour
 C - 2 scrolls of amnesia
 I - 2 scrolls of silence
 L - a scroll of poison
 N - 3 scrolls of identify
 V - 2 scrolls of teleportation
 W - a scroll of brand weapon
Potions
 a - 2 potions of might
 b - 2 potions of mutation
 g - 13 potions of curing
 k - 2 potions of flight
 m - 8 potions of heal wounds
 n - a potion of ambrosia
 q - 3 potions of resistance
 u - 5 potions of lignification
 A - 2 potions of brilliance
 J - a potion of magic
 M - 2 potions of cancellation
 Z - a potion of berserk rage
Miscellaneous
 j - a phantom mirror
 O - a phial of floods (inert)
 S - a lightning rod (4/4)


   Skills:
 + Level 12.6 Fighting
 + Level 11.2 Short Blades
 + Level 10.8 Long Blades
 + Level 10.8 Axes
 + Level 10.8 Maces & Flails
 + Level 10.8 Polearms
 + Level 10.8 Staves
 + Level 10.8 Ranged Weapons
 + Level 13.6 Throwing
 + Level 10.8 Armour
 + Level 11.2 Dodging
 + Level 11.1 Stealth
 + Level 10.8 Shields
 + Level 10.8 Unarmed Combat
 + Level 10.8 Spellcasting
 + Level 9.1 Conjurations
 + Level 9.1 Hexes
 + Level 9.1 Summonings
 + Level 9.1 Necromancy
 + Level 9.1 Translocations
 + Level 9.1 Transmutations
 + Level 9.1 Fire Magic
 + Level 9.1 Ice Magic
 + Level 9.1 Air Magic
 + Level 9.1 Earth Magic
 + Level 9.1 Poison Magic
 + Level 11.8 Invocations
 + Level 10.8 Evocations


You had 35 spell levels left.
You didn't know any spells.
Your spell library contained the following spells:

 Spells                   Type           Power      Damage    Failure   Level
 Magic Dart               Conj           100%       1d8       1%          1
 Slow                     Hex            100%       N/A       1%          1
 Sting                    Tmut/Pois      100%       1d8       1%          1
 Ensorcelled Hibernation  Hex/Ice        100%       N/A       1%          2
 Passwall                 Tmut/Erth      55%        N/A       1%          2
 Poisonous Vapours        Pois/Air       100%       N/A       1%          2
 Scorch                   Fire           100%       2d10      1%          2
 Searing Ray              Conj           100%       2d8       1%          2
 Call Canine Familiar     Summ           66%        N/A       1%          3
 Confusing Touch          Hex            66%        N/A       1%          3
 Inner Flame              Hex/Fire       66%        N/A       1%          3
 Portal Projectile        Hex/Tloc       100%       N/A       1%          3
 Spider Form              Tmut/Pois      66%        N/A       1%          3
 Swiftness                Air            66%        N/A       1%          3
 Vampiric Draining        Necr           66%        2d10      1%          3
 Airstrike                Air            33%        2d(5-21)  4%          4
 Anguish                  Hex/Necr       33%        N/A       4%          4
 Animate Dead             Necr           66%        N/A       4%          4
 Flame Wave               Conj/Fire      66%        2d15      4%          4
 Fulminant Prism          Conj/Hex       33%        3d16      4%          4
 Leda's Liquefaction      Hex/Erth       33%        N/A       4%          4
 Olgreb's Toxic Radiance  Pois           66%        N/A       4%          4
 Sticky Flame             Conj/Fire      66%        2d8       4%          4
 Summon Ice Beast         Ice/Summ       66%        N/A       4%          4
 Summon Lightning Spire   Summ/Air       66%        N/A       4%          4
 Borgnjor's Vile Clutch   Necr/Erth      33%        N/A       11%         5
 Lightning Bolt           Conj/Air       33%        1d50      11%         5
 Summon Mana Viper        Hex/Summ       66%        N/A       11%         5
 Yara's Violent Unravell  Hex/Tmut       33%        3d14      11%         5
 Death Channel            Necr           33%        N/A       52%         6
 Summon Cactus Giant      Summ           33%        N/A       52%         6
 Enfeeble                 Hex            33%        N/A       98%         7
 Monstrous Menagerie      Summ           33%        N/A       98%         7


Dungeon Overview and Level Annotations

Branches:
Dungeon (15/15)            Temple (0/1) D:7            Lair (5/5) D:8
 Shoals (0/4) Lair:3        Snake (0/4) Lair:3        Slime (0/5) Lair:4
    Orc (0/2) D:10         Vaults (0/5) D:13         Depths (0/4) D:15
Volcano (visited)         Gauntlet (visited)

Altars:
Ashenzari
Cheibriados
Dithmenos
Elyvilon
Fedhas
Gozag
Hepliaklqana
Kikubaaqudgha
Okawaru
Qazlal
Ru
Sif Muna
Uskayaw
Xom
Yredelemnul
Zin
Jiyva

Shops:
D:1 *

Annotations:
D:12 2 transporters, Crownlay's ghost, journeyman GrEE
D:13 Urug


Innate Abilities, Weirdness & Mutations

You have very sharp teeth.
Your uncanny sense of smell can sniff out nearby items.
Your experience applies equally to all skills.
You have sharp fingernails.
You are dopey. (Int -2)


Message History

You bump into the crystal wall.
The cyan very ugly thing basks in the mutagenic energy from its kin and changes!
The cyan ugly thing claws you! The cyan ugly thing shocks you!
The great orb of eyes gazes at you. You resist with significant effort.
You hit the cyan ugly thing but do no damage.
The cyan ugly thing is severely wounded.
The cyan ugly thing claws you! The cyan ugly thing shocks you!
You bump into the crystal wall.
You feel less confused. The great orb of eyes gazes at you.
You suddenly lose the ability to move!
The cyan ugly thing claws you. The cyan ugly thing shocks you!
The great orb of eyes bites you but does no damage.
The red very ugly thing barely misses you.
The cyan ugly thing claws you but does no damage.
The great orb of eyes bites you!
The red very ugly thing bites you but does no damage.
The cyan ugly thing claws you but does no damage.
The great orb of eyes bites you!
* * * LOW HITPOINT WARNING * * *
The red very ugly thing bites you.
* * * LOW HITPOINT WARNING * * *
The cyan ugly thing basks in the mutagenic energy from its kin and changes!
The great orb of eyes gazes at you. You resist with significant effort.
The red very ugly thing bites you.
* * * LOW HITPOINT WARNING * * *
You can move again.
Unknown command.
Unknown command.
Unknown command.
Unknown command.
Activating: Slouch (1% risk of failure)
Press: ? - help, Dir - look around, f - activate You can feel time thicken for a moment.
You kill the red ugly thing!
Cheibriados thoroughly appreciates the change of pace.
The great orb of eyes gazes at you.
Your mind is blasted!
You die...

#..#######..# *,,*
#...####.#
#...........###*,,*
#........#
#.....[.......###,*
#........##
#...#####.=[###>###
#..####.... #...#
#..##.....## #..# #....
#...# #..#.......# #..#
#...# #)..# #..##.....#*
#..####...# #...#
#..#*#†uG#*####...##...#
*#...#
#..####@#*##..###.##...#
,....#
#..#....###....##.##...#
,....#
#..#..###.....†.'.##...#
*##..#
#..##.##..#....#####...#
#..# #..#.....###..###
#...# #..# #..##.#..#
####.# #...# #..#
#..#######* #..# #...#
#..#####..# *,* #..#
#...# #......[..# *,*
#.<# #<..#


You could see a red very ugly thing and a great orb of eyes.

Vanquished Creatures
  Rupert (D:13)
  A very ugly thing (D:15)
  A minotaur (Gauntlet)
  A red draconian (Volcano)
  Snorg (Lair:3)
  4 hydras
  10 centaur warriors
  3 catoblepae (Lair:5)
  3 boulder beetles
  4 two-headed ogres
  8 death yaks (Lair:5)
  2 tengu warriors
  A shock serpent (shapeshifter) (D:13)
  Amaemon (D:7)
  5 skeletal warriors (D:13)
  A salamander mystic (Volcano)
  An obsidian statue (Volcano)
  A deep elf pyromancer (D:13)
  An orc knight (D:10)
  11 ugly things
  2 cyclopes
  4 manticores
  3 salamanders (Volcano)
  4 elephants (Lair:5)
  A black mamba (Lair:4)
  A water nymph (shapeshifter) (D:15)
  4 molten gargoyles (D:9)
  19 cane toads
  An orange demon (D:8)
  A cane toad (shapeshifter) (D:14)
  2 torpor snails
  2 gargoyles
  3 efreet
  2 freezing wraiths
  10 komodo dragons
  Psyche (D:11)
  An unseen horror (D:11)
  A tengu conjurer (D:13)
  2 hornets (D:9)
  A troll (D:10)
  A meliai (shapeshifter) (D:14)
  2 polar bears (Lair:3)
  4 meliai
  Prince Ribbit (D:7)
  19 blink frogs
  16 dream sheep
  2 raiju (Gauntlet)
  A raiju (shapeshifter) (D:15)
  15 slime creatures
  A centaur simulacrum (D:14)
  Sigmund (D:6)
  4 fire bats (Volcano)
  71 yaks
  A vampire (D:10)
  2 wyverns
  A wraith (D:11)
  10 basilisks
  16 humans (D:13)
  A neqoxec (Gauntlet)
  4 steam dragons
  9 vampire mosquitoes
  Menkaure (D:4)
  A chaos spawn (Gauntlet)
  2 acid dragons
  Duvessa (D:6)
  12 water moccasins
  2 sky beasts
  4 orc warriors
  3 ogres
  8 wolves
  12 centaurs
  A phantom (D:5)
  3 kobold brigands
  A necrophage (D:6)
  7 bullfrogs
  A gnoll sergeant (D:6)
  4 scorpions
  7 wights
  Dowan (D:7)
  17 killer bees
  3 electric eels
  8 lava snakes
  3 hounds
  2 jellies (D:4)
  4 orc priests
  2 iguanas
  A gnoll bouda (D:9)
  10 orc wizards
  A lightning spire (Gauntlet)
  7 hell rats (Lair:1)
  10 adders
  10 gnolls
  2 shadow imps
  2 white imps
  3 dart slugs
  31 orcs
  5 bats
  8 endoplasms
  7 giant cockroaches
  7 goblins
  7 hobgoblins
  2 jackals (D:3)
  12 quokkas
  6 ball pythons
  A frilled lizard (D:1)
  25 kobolds
  2 rats
577 creatures vanquished.

Vanquished Creatures (others)
  A wizard (Gauntlet)
  A shadow imp (Gauntlet)
  A bush (Lair:5)
  15 demonic plants (Gauntlet)
  27 fungi
  37 plants
82 creatures vanquished.

Grand Total: 659 creatures vanquished

Notes
Turn   | Place    | Note
-------+----------+-------------------------------------------
     0 | D:1      | epen the Gnoll Wanderer began the quest for the Orb.
     0 | D:1      | epen set off with the following items: a +2 dagger, 2
                  | curare-tipped darts, a +0 short sword, a +0 helmet, a
                  | scroll of summoning, a +0 robe.
     0 | D:1      | Reached XP level 1. HP: 23/23 MP: 1/1
   118 | D:1      | Found Otiucuiri's Assorted Antiques.
   261 | D:1      | Reached XP level 2. HP: 29/29 MP: 2/2
   564 | D:1      | Reached XP level 3. HP: 34/35 MP: 3/3
  1128 | D:2      | Reached skill level 1 in Invocations
  1173 | D:2      | Reached skill level 1 in Long Blades
  1173 | D:2      | Reached skill level 1 in Axes
  1173 | D:2      | Reached skill level 1 in Maces & Flails
  1173 | D:2      | Reached skill level 1 in Polearms
  1173 | D:2      | Reached skill level 1 in Staves
  1173 | D:2      | Reached skill level 1 in Ranged Weapons
  1173 | D:2      | Reached skill level 1 in Armour
  1173 | D:2      | Reached skill level 1 in Shields
  1173 | D:2      | Reached skill level 1 in Unarmed Combat
  1173 | D:2      | Reached skill level 1 in Spellcasting
  1173 | D:2      | Reached skill level 1 in Evocations
  2079 | D:3      | Reached XP level 4. HP: 33/41 MP: 5/5
  2128 | D:3      | Reached skill level 1 in Conjurations
  2128 | D:3      | Reached skill level 1 in Hexes
  2128 | D:3      | Reached skill level 1 in Summonings
  2128 | D:3      | Reached skill level 1 in Necromancy
  2128 | D:3      | Reached skill level 1 in Translocations
  2128 | D:3      | Reached skill level 1 in Transmutations
  2128 | D:3      | Reached skill level 1 in Fire Magic
  2128 | D:3      | Reached skill level 1 in Ice Magic
  2128 | D:3      | Reached skill level 1 in Air Magic
  2128 | D:3      | Reached skill level 1 in Earth Magic
  2128 | D:3      | Reached skill level 1 in Poison Magic
  2271 | D:3      | Found a shimmering blue altar of Sif Muna.
  2461 | D:3      | Found a snail-covered altar of Cheibriados.
  2461 | D:3      | Found a shimmering altar of Xom.
  2503 | D:3      | Became a worshipper of Cheibriados the Contemplative
  2552 | D:4      | Reached XP level 5. HP: 47/47 MP: 7/7
  2584 | D:4      | Noticed Menkaure
  2597 | D:4      | Killed Menkaure
  2598 | D:4      | Reached XP level 6. HP: 31/53 MP: 8/8
  3049 | D:4      | Reached * piety under Cheibriados
  3050 | D:4      | Reached XP level 7. HP: 60/60 MP: 10/10
  3174 | D:4      | Identified the ring "Damnable Contraption" {rPois rF+ Int+6
                  | Dex+3 Stlth-}
  3615 | D:4      | Found a white marble altar of Elyvilon.
  3617 | D:4      | Found a stormy altar of Qazlal.
  3620 | D:4      | Found an ancient bone altar of Kikubaaqudgha.
  3783 | D:5      | Entered Level 5 of the Dungeon
  3796 | D:4      | Reached skill level 9 in Throwing
  4020 | D:5      | Found the +6 shillelagh "Devastator" {shatter}
  4038 | D:5      | Noticed a wyvern
  4056 | D:5      | Killed a wyvern
  4057 | D:5      | Reached XP level 8. HP: 29/67 MP: 12/12
  4178 | D:5      | Found a hide-covered altar of Uskayaw.
  4332 | D:5      | Reached ** piety under Cheibriados
  5418 | D:6      | Noticed Sigmund
  5430 | D:6      | Killed Sigmund
  5433 | D:6      | Reached XP level 9. HP: 56/73 MP: 13/15
  5574 | D:6      | Reached skill level 5 in Short Blades
  5574 | D:6      | Reached skill level 5 in Dodging
  5703 | D:6      | Found a broken altar of Ashenzari.
  5861 | D:6      | Found a basalt altar of Yredelemnul.
  5863 | D:6      | Found an iron altar of Okawaru.
  6169 | D:7      | Noticed Duvessa
  6169 | D:7      | Noticed Dowan
  6178 | D:6      | Reached skill level 5 in Stealth
  6236 | D:7      | Noticed Prince Ribbit
  6239 | D:7      | Killed Prince Ribbit
  6239 | D:7      | Reached *** piety under Cheibriados
  6390 | D:7      | Killed Dowan
  6391 | D:7      | Reached skill level 5 in Invocations
  6401 | D:6      | Killed Duvessa
  6529 | D:7      | You fall into a shaft and drop 2 floors!
  6536 | D:9      | Noticed a hornet
  6980 | D:7      | Reached **** piety under Cheibriados
  7023 | D:7      | Found a staircase to the Ecumenical Temple.
  7312 | D:7      | Reached skill level 5 in Long Blades
  7312 | D:7      | Reached skill level 5 in Axes
  7312 | D:7      | Reached skill level 5 in Maces & Flails
  7312 | D:7      | Reached skill level 5 in Polearms
  7312 | D:7      | Reached skill level 5 in Staves
  7312 | D:7      | Reached skill level 5 in Ranged Weapons
  7312 | D:7      | Reached skill level 5 in Armour
  7312 | D:7      | Reached skill level 5 in Shields
  7312 | D:7      | Reached skill level 5 in Unarmed Combat
  7312 | D:7      | Reached skill level 5 in Spellcasting
  7312 | D:7      | Reached skill level 5 in Evocations
  7312 | D:7      | Reached XP level 10. HP: 73/81 MP: 11/17
  7381 | D:8      | Reached skill level 10 in Throwing
  7525 | D:8      | Noticed Amaemon
  7548 | D:7      | Killed Amaemon
  7661 | D:8      | Noticed an orange demon
  7673 | D:8      | Killed an orange demon
  7701 | D:8      | Identified the +0 robe "Keongie" {Str+2 Slay+5}
  7791 | D:8      | Found a staircase to the Lair.
  8326 | D:9      | Noticed a molten gargoyle
  8330 | D:9      | Killed a molten gargoyle
  8330 | D:9      | Noticed a molten gargoyle
  8335 | D:9      | Killed a molten gargoyle
  8376 | D:9      | Noticed a molten gargoyle
  8381 | D:9      | Killed a molten gargoyle
  8383 | D:9      | Noticed a molten gargoyle
  8387 | D:9      | Killed a molten gargoyle
  8388 | D:9      | Reached skill level 5 in Conjurations
  8388 | D:9      | Reached skill level 5 in Hexes
  8388 | D:9      | Reached skill level 5 in Summonings
  8388 | D:9      | Reached skill level 5 in Necromancy
  8388 | D:9      | Reached skill level 5 in Translocations
  8388 | D:9      | Reached skill level 5 in Transmutations
  8388 | D:9      | Reached skill level 5 in Fire Magic
  8388 | D:9      | Reached skill level 5 in Ice Magic
  8388 | D:9      | Reached skill level 5 in Air Magic
  8388 | D:9      | Reached skill level 5 in Earth Magic
  8388 | D:9      | Reached skill level 5 in Poison Magic
  8388 | D:9      | Reached XP level 11. HP: 56/89 MP: 18/20
  8546 | D:9      | Found a hazy altar of Hepliaklqana.
  8670 | D:9      | Identified the +3 dagger of Daedemubai {protect, Int+6}
  8761 | D:9      | Found a shadowy altar of Dithmenos.
  9004 | D:9      | Noticed a two-headed ogre
  9012 | D:9      | Killed a two-headed ogre
  9050 | D:9      | Found a blossoming altar of Fedhas.
  9156 | D:9      | Found an opulent altar of Gozag.
  9307 | D:10     | Entered Level 10 of the Dungeon
  9312 | D:10     | Noticed a two-headed ogre
  9325 | D:10     | Killed a two-headed ogre
  9420 | D:10     | Found a sacrificial altar of Ru.
  9427 | D:10     | Reached ***** piety under Cheibriados
  9941 | D:10     | Found a staircase to the Orcish Mines.
  9941 | D:10     | Noticed an orc knight
  9950 | D:10     | Killed an orc knight
 10226 | D:10     | Found a glowing silver altar of Zin.
 10288 | D:10     | Noticed a two-headed ogre
 10298 | D:10     | Killed a two-headed ogre
 10299 | D:10     | Reached skill level 11 in Throwing
 10943 | D:10     | Noticed a centaur warrior
 10950 | D:10     | HP: 2/90 [centaur warrior/arrow (7)]
 10951 | D:10     | Killed a centaur warrior
 10952 | D:10     | Reached XP level 12. HP: 3/97 MP: 11/22
 11301 | Lair:1   | Entered Level 1 of the Lair of Beasts
 12713 | Lair:2   | Reached skill level 10 in Fighting
 14474 | Lair:3   | Reached XP level 13. HP: 104/104 MP: 25/25
 14489 | Lair:3   | Found a dark tunnel.
 14498 | Volcano  | Entered a volcano
 14883 | Volcano  | Noticed a red draconian
 14884 | Volcano  | Found a bloodstained altar of Trog.
 14893 | Volcano  | Killed a red draconian
 15236 | Volcano  | Gained mutation: Armour fits poorly on your strangely
                  | shaped body. [potion of mutation]
 15237 | Volcano  | Lost mutation: Armour fits poorly on your strangely shaped
                  | body. [potion of mutation]
 15237 | Volcano  | Gained mutation: You have sharp fingernails. [potion of
                  | mutation]
 15237 | Volcano  | Gained mutation: You are dopey. (Int -2) [potion of
                  | mutation]
 15405 | Lair:3   | Reached skill level 12 in Throwing
 15647 | Lair:3   | Found a staircase to the Shoals.
 16106 | Lair:3   | Found a staircase to the Snake Pit.
 16120 | Lair:3   | Noticed Snorg
 16127 | Lair:3   | Killed Snorg
 16603 | Lair:4   | Found a viscous altar of Jiyva.
 16603 | Lair:4   | Found a staircase to the Slime Pits.
 17573 | Lair:5   | Entered Level 5 of the Lair of Beasts
 17607 | Lair:5   | Reached skill level 10 in Invocations
 17607 | Lair:5   | Reached XP level 14. HP: 100/113 MP: 27/27
 17881 | Lair:5   | Found a sacrificial altar of Ru.
 17893 | Lair:5   | Reached ****** piety under Cheibriados
 18330 | Lair:5   | Reached skill level 10 in Short Blades
 18330 | Lair:5   | Reached skill level 10 in Dodging
 18343 | Lair:5   | Reached skill level 10 in Stealth
 19403 | D:11     | Noticed Psyche
 19407 | D:11     | Killed Psyche
 20203 | D:12     | Identified a scroll of acquirement
 20544 | D:12     | Found a transporter.
 20547 | D:12     | Noticed Crownlay's ghost (journeyman GrEE)
 20587 | D:12     | Found a transporter.
 20923 | D:13     | Noticed Rupert
 20923 | D:13     | Noticed Urug
 20923 | D:13     | Found a gate to the Vaults.
 21003 | D:13     | Acquired the amulet "Yrhuid" {Reflect Drain +Blink rF+ rN+
                  | SH+5}
 21118 | D:13     | Found a flickering gateway to a bazaar.
 21135 | Bazaar   | Entered a bazaar
 21162 | Bazaar   | Found Yfiuh's Armour Emporium.
 21162 | Bazaar   | Found Pabboroe's Armour Shoppe.
 21184 | Bazaar   | Found Araus's Antique Armour Shoppe.
 21200 | Bazaar   | Found Zuirudwi's General Store.
 21200 | Bazaar   | Found Eryteisa's Distillery.
 21235 | Bazaar   | Bought a potion of heal wounds for 55 gold pieces
 21235 | Bazaar   | Bought a potion of curing for 33 gold pieces
 21255 | Bazaar   | Bought a warped buckler for 237 gold pieces
 21255 | Bazaar   | Identified the +3 buckler "Viowkarpho" {*Corrode +Blink
                  | rN+} (You bought it in a shop in a bazaar)
 21259 | Bazaar   | epen: ??corrode
 21259 | Bazaar   | beem: corrode[1/1]: A randart property that gives you a 3%
                  | chance to be corroded (see {acid}) upon taking damage.
 21269 | Bazaar   | Bought a +2 hat of intelligence for 189 gold pieces
 21287 | Bazaar   | Bought a +0 buckler for 40 gold pieces
 21357 | D:13     | Reached skill level 10 in Long Blades
 21357 | D:13     | Reached skill level 10 in Axes
 21357 | D:13     | Reached skill level 10 in Maces & Flails
 21357 | D:13     | Reached skill level 10 in Polearms
 21357 | D:13     | Reached skill level 10 in Staves
 21357 | D:13     | Reached skill level 10 in Ranged Weapons
 21357 | D:13     | Reached skill level 10 in Armour
 21357 | D:13     | Reached skill level 10 in Shields
 21357 | D:13     | Reached skill level 10 in Unarmed Combat
 21357 | D:13     | Reached skill level 10 in Spellcasting
 21357 | D:13     | Reached skill level 10 in Evocations
 21444 | D:13     | Reached skill level 13 in Throwing
 21827 | D:13     | Reached XP level 15. HP: 119/120 MP: 29/29
 22299 | D:13     | Killed Rupert
 23130 | D:13     | Paralysed by a human for 4 turns
 24744 | D:15     | Entered Level 15 of the Dungeon
 24808 | D:15     | Found a gate leading to a gauntlet.
 24817 | Gauntlet | Entered a Gauntlet
 24817 | Gauntlet | Found a transporter.
 24817 | Gauntlet | Found a transporter.
 24817 | Gauntlet | Found a transporter.
 24821 | Gauntlet | Found a transporter.
 24821 | Gauntlet | Found a transporter.
 24831 | Gauntlet | Found a transporter.
 24835 | Gauntlet | Found a transporter.
 24845 | Gauntlet | Found a transporter.
 24939 | Gauntlet | Found a transporter.
 24947 | Gauntlet | Found a transporter.
 24951 | Gauntlet | Found a transporter.
 24961 | Gauntlet | Found a transporter.
 25243 | Gauntlet | Identified the +0 helmet of the Sky {rCorr}
 25276 | Gauntlet | Identified the +1 chain mail of Ufakkuv {rC+ Stlth+}
 25685 | D:15     | Identified the +6 shortbow of Beogh's Wrath {heavy, Dex+6}
 26043 | D:15     | Found a staircase to the Depths.
 26056 | D:15     | Paralysed by a great orb of eyes for 5 turns
 26061 | D:15     | Blown up by a great orb of eyes

Illustrated notes

Levels and vault maps discovered:
D:1:      wheals_arrival_linesprint, layout_loops_ring, serial_shops,
          shop_statue
D:2:      layout_loops_corners, serial_park_tiny_1
D:3:      layout_rooms, led_sif_book, amethyst_overflow_temple_binary
D:4:      layout_loops_cross, minitemple, fountainhead, minmay_box_of_dots,
          uniq_menkaure
D:5:      layout_gridville, overflow_temple_1_default, serial_co_window_serial,
          co_window_corner_a, co_window_of_opportunity_a, co_window_corner_a,
          co_window_paths_a, co_window_paths_a, co_window_unsneaky_path_a,
          co_window_corner_cb, co_window_broadway_a, co_window_sun,
          glass_columns_a, dilly_guarded_unrand_devastator
D:6:      layout_basic, evilmike_ruin_ashenzari, jmf_multi_god_temple,
          st_stairs_9, uniq_sigmund
D:7:      layout_basic, minmay_temple_entry_stoned_glass, serial_rivers,
          chequers_serial_rivers_large_a, chequers_serial_rivers_room_a,
          chequers_serial_rivers_room_a, chequers_serial_rivers_small_3,
          chequers_serial_rivers_micro_a, chequers_serial_rivers_room_b,
          uniq_prince_ribbit1, uniq_duvessa
D:8:      layout_cave_pools, lair_entry_dummy, uniq_amaemon
D:9:      layout_basic, fedhas_altar_fruit_tree, grunt_gozag_statues,
          marbit_many_paths, general_overflow_altar, corexii_checkpoint_a,
          minmay_misc_feat_tiny, minivault_8
D:10:     layout_cave_pods, mainiacjoe_overflow_24_doors,
          nicolae_ru_great_annihilating_truth, orc_david_3, kb_rosetta
D:11:     layout_loops_ring, uniq_psyche
D:12:     layout_stronghold, gammafunk_ghost_mausoleum
D:13:     minmay_open_boxes_in_corner, layout_stronghold, david_vaults_3,
          serial_shops, bzr_entry_gold, st_stairs_6
D:14:     layout_long_grid, minmay_misc_feat_columns
D:15:     gammafunk_enter_depths_forms, layout_long_grid, nicolae_wwwww,
          gauntlet_entry_generic
Lair:1:   layout_cellular_growth, grunt_megastairs_1
Lair:2:   layout_long_grid, grunt_megastairs_3, lemuel_fruit_tree
Lair:3:   layout_regular_city, shoals_dummy_entry, dummy_snake_entry,
          nicolae_volcano_entry_two_sided, beast_lair_carwin_2, uniq_snorg,
          uniq_rupert
Lair:4:   layout_layer_cave, slime_entry_1, serial_bayou_shore_b,
          infiniplex_staircase_pool
Lair:5:   evilmike_catoblepas_cave, layout_loops_ring, basic_altar,
          serial_bayou_shore_a, infiniplex_staircase_pool_2

Skill      XL: |  1  2  3  4  5  6  7  8  9 10 11 12 13 14 15 |
---------------+----------------------------------------------+-----
Invocations    | 1 2 3 4 5 6 7 8 10 11 | 11.8
Long Blades    | 1 2 3 4 5 6 7 8 9 10 | 10.8
Axes           | 1 2 3 4 5 6 7 8 9 10 | 10.8
Maces & Flails | 1 2 3 4 5 6 7 8 9 10 | 10.8
Polearms       | 1 2 3 4 5 6 7 8 9 10 | 10.8
Staves         | 1 2 3 4 5 6 7 8 9 10 | 10.8
Ranged Weapons | 1 2 3 4 5 6 7 8 9 10 | 10.8
Armour         | 1 2 3 4 5 6 7 8 9 10 | 10.8
Shields        | 1 2 3 4 5 6 7 8 9 10 | 10.8
Unarmed Combat | 1 2 3 4 5 6 7 8 9 10 | 10.8
Spellcasting   | 1 2 3 4 5 6 7 8 9 10 | 10.8
Evocations     | 1 2 3 4 5 6 7 8 9 10 | 10.8
Conjurations   | 1 2 3 4 5 6 7 8 9 |  9.1
Hexes          | 1 2 3 4 5 6 7 8 9 |  9.1
Summonings     | 1 2 3 4 5 6 7 8 9 |  9.1
Necromancy     | 1 2 3 4 5 6 7 8 9 |  9.1
Translocations | 1 2 3 4 5 6 7 8 9 |  9.1
Transmutations | 1 2 3 4 5 6 7 8 9 |  9.1
Fire Magic     | 1 2 3 4 5 6 7 8 9 |  9.1
Ice Magic      | 1 2 3 4 5 6 7 8 9 |  9.1
Air Magic      | 1 2 3 4 5 6 7 8 9 |  9.1
Earth Magic    | 1 2 3 4 5 6 7 8 9 |  9.1
Poison Magic   | 1 2 3 4 5 6 7 8 9 |  9.1
Short Blades   | 3 4 5 6 7 8 9 10 11 | 11.2
Dodging        | 3 4 5 6 7 8 9 10 11 | 11.2
Stealth        | 3 4 5 6 7 8 9 10 11 | 11.1
Fighting       | 7 8 9 10 11 12 | 12.6
Throwing       | 9 10 11 12 13 | 13.6

Action                     |  1- 3 |  4- 6 |  7- 9 | 10-12 | 13-15 || total
---------------------------+-------+-------+-------+-------+-------++-------
  Melee: Dagger            |   132 |   109 |   355 |   288 |       ||   884
         Bite              |    16 |    12 |    50 |    70 |   115 ||   263
         Punch             |       |       |    18 |    36 |    26 ||    80
         Scimitar          |       |       |       |   143 |    37 ||   180
         Shillelagh        |       |       |       |       |   727 ||   727
  Throw: Dart              |       |       |    14 |    21 |    14 ||    49
 Invoke: Slouch            |       |       |     1 |     7 |     3 ||    11
  Evoke: Wand              |       |       |     6 |    29 |    17 ||    52
         Lightning rod     |       |       |       |     7 |       ||     7
         Phial of floods   |       |       |       |     1 |     1 ||     2
         Phantom mirror    |       |       |       |       |     1 ||     1
    Use: Scroll            |     5 |     2 |     7 |    12 |    10 ||    36
         Potion            |     1 |       |     1 |     2 |    10 ||    14
   Stab: Sleeping          |     8 |     6 |     4 |     4 |    12 ||    34
         Invisible         |       |       |     4 |     7 |     8 ||    19
         Paralysed         |       |       |       |     1 |       ||     1
         Distracted        |       |       |       |     1 |     2 ||     3
 Armour: Robe              |    32 |    20 |    16 |    55 |    46 ||   169
         Ring mail         |       |       |    86 |    20 |       ||   106
         Chain mail        |       |       |       |       |   144 ||   144
  Dodge: Dodged            |    66 |    71 |   229 |   432 |   594 ||  1392
  Block: Buckler           |       |       |       |       |   346 ||   346
         Reflection        |       |       |       |       |    45 ||    45

Table legend: (Time is in decaauts)
 A = Elapsed time spent in this place.
 B = Non-inter-level travel time spent in this place.
 C = Inter-level travel time spent in this place.
 D = Time resting spent in this place.
 E = Time spent auto-exploring this place.
 F = Levels seen in this place.
 G = Mean time per level.
                   A        B        C        D        E       F      G
               +--------+--------+--------+--------+--------+-----+--------+
         Total |  35799 |  33920 |   1879 |   4723 |  23250 |  23 | 1556.5 |
       Dungeon |  23344 |  21902 |   1442 |   2721 |  15692 |  15 | 1556.3 |
          Lair |  10303 |   9866 |    437 |   1399 |   7093 |   5 | 2060.6 |
        Bazaar |    374 |    374 |      0 |      0 |    161 |   1 |  374.0 |
       Volcano |    985 |    985 |      0 |    503 |     22 |   1 |  985.0 |
      Gauntlet |    792 |    792 |      0 |    100 |    282 |   1 |  792.0 |
               +--------+--------+--------+--------+--------+-----+--------+

Top non-repeatable levels by time:
    D:13: 3041 daAuts
    D:10: 2537 daAuts
  Lair:2: 2382 daAuts
  Lair:5: 2191 daAuts
  Lair:1: 2002 daAuts
    D:14: 1966 daAuts
  Lair:4: 1906 daAuts
  Lair:3: 1820 daAuts
     D:4: 1710 daAuts
     D:9: 1630 daAuts
     D:7: 1619 daAuts
     D:6: 1559 daAuts
    D:12: 1547 daAuts
    D:11: 1515 daAuts
     D:5: 1451 daAuts
